 Dungeon Crawl Stone Soup version 0.30-a0-140-gd1020e658a (webtiles) character file.

Game seed: 15867230509843516221

111 themarg the Ducker (level 5, -1/35 HPs)
             Began as a Djinni Fire Elementalist on Sept 25, 2022.
             Slain by an adder (3 damage)
             ... on level 2 of the Dungeon.
             The game lasted 00:04:34 (1696 turns).

themarg the Ducker (Djinni Fire Elementalist)       Turns: 1696, Time: 00:04:35

Health: -1/35      AC:  2    Str:  7    XL:     5   Next: 15%
Gold:   122        EV: 13    Int: 18    God:
                   SH:  0    Dex: 14

rFire   + + +      SeeInvis .    b - staff of fire
rCold   x . .      Faith    .    (no shield)
rNeg    . . .      Spirit   .    i - +0 robe
rPois   ∞          Reflect  .    (no helmet)
rElec   .          Harm     .    (no cloak)
rCorr   .          Rampage  .    (no gloves)
Will    .....                    (boots unavailable)
Stlth   ++........               (no amulet)
HPRegen 0.11/turn                (no ring)
MPRegen 0.00/turn                (no ring)

@: about to teleport, flying, very slightly contaminated
A: sickness immunity, fire resistance 2, cold vulnerability 1, float, innate
caster, HP casting, extra vitality 1
a: no special abilities


You were on level 2 of the Dungeon.
You visited 1 branch of the dungeon, and saw 2 of its levels.

You collected 122 gold pieces.

Inventory:

Hand Weapons
 a - a +1 dagger of venom
Missiles
 g - 4 poisoned darts
 m - a throwing net
Armour
 i - a +0 robe (worn)
 k - the +3 leather armour of Weirdness {rPois SInv Stlth+}
   (You found it on level 2 of the Dungeon)

   rPois:     It protects you from poison.
   SInv:      It lets you see invisible.
   Stlth:     It makes you more stealthy.
Magical Staves
 b - a staff of fire (weapon)
Scrolls
 c - a scroll of torment {unknown}
 f - a scroll of amnesia {unknown}
 h - 2 scrolls of teleportation
 j - 3 scrolls of identify {unknown}
 n - a scroll of noise {unknown}
 o - a scroll of summoning {unknown}
Potions
 d - a potion of lignification {unknown}
 e - a potion of mutation {unknown}
 l - a potion of cancellation {unknown}


   Skills:
 + Level 3.6 Dodging
 + Level 2.7 Stealth
 + Level 3.1 Spellcasting


You couldn't memorise any spells.
You knew the following spells:

 Your Spells              Type           Power      Damage    Failure   Level
a - Foxfire               Conj/Fire      84%        2x1d8     4%          1
b - Scorch                Fire           42%        2d7       7%          2
c - Kindle Blastsparks    Fire/Tloc/Air  42%        2d13      13%         3
d - Inner Flame           Hex/Fire       21%        N/A       13%         3
e - Flame Wave            Conj/Fire      21%        2d8       41%         4
f - Sting                 Tmut/Pois      56%        1d5       4%          1
g - Poisonous Vapours     Pois/Air       28%        N/A       7%          2
Your spell library was empty.

Dungeon Overview and Level Annotations

Branches:
Dungeon (2/15)

Altars:

Annotations:
D:2 Sigmund


Innate Abilities, Weirdness & Mutations

You are immune to sickness and miasma.
You are immune to poison.
Your flesh is very heat resistant. (rF++)
You are vulnerable to cold. (rC-)
You float through the air rather than walking.
You learn spells naturally, not from books.
Your magical power is your life essence.
You have superior vitality. (+4 MHP)


Message History

The magic dart hits you. The adder bites you but does no damage.
The giant cockroach bites you but does no damage.
The adder attacks as you move away! The adder bites you.
Casting: Scorch (safe; 7% risk of failure)
Confirm with . or Enter, or press ? or * to list all spells.
You feel a surge of power!
Flames lash Natasha.
Natasha is moderately wounded.
Natasha's fire resistance burns away.
The giant cockroach is no longer more vulnerable to fire.
The adder bites you. The giant cockroach closely misses you.
Natasha casts a spell.
The adder bites you.
As you read the scroll labelled TAEXIW CIEGO, it crumbles to dust.
You feel strangely unstable.
It was a scroll of teleportation.
The giant cockroach bites you. The adder barely misses you.
Casting: Scorch (safe; 7% risk of failure)
Confirm with . or Enter, or press ? or * to list all spells.
You feel a surge of power!
You miscast Scorch.
You are very lightly contaminated with residual magic.
Nothing appears to happen.
* * * LOW HITPOINT WARNING * * *
The giant cockroach closely misses you. The adder bites you.
* * * LOW HITPOINT WARNING * * *
The giant cockroach bites you.
* * * LOW HITPOINT WARNING * * *
Casting: Scorch (safe; 7% risk of failure)
Confirm with . or Enter, or press ? or * to list all spells.
You feel a surge of power!
Flames lash Natasha.
Natasha is burned terribly!
You kill Natasha!
You feel Natasha's spirit has finally been put to rest.
The shadow imp disappears in a puff of smoke!
* * * LOW HITPOINT WARNING * * *
The adder misses you. The giant cockroach barely misses you.
Sigmund hits you from afar with a +0 scythe.
* * * LOW HITPOINT WARNING * * *
You have reached level 5!
The power to cast Poisonous Vapours wells up from within.
Spell assigned to 'g'.
The adder bites you.
You die...

##. .## #.#.# ##..#
##..##########.#.#
#....###....
#......#.#.##### #...#...#
#.####.#......)# #.....#
##.# #.###.###.# ##._.##
##..####.###.###.#
#.....###.............>..#
#...#..@#.#...........#.###
.....###.§BS@......######.#
##..# ##!.###.....# #.# ##.
#..## #.....# #.# . #..##
####### #.# . .... #.#
...... #.# ......# #.#
......##### #.# .........#
#.#


You could see Sigmund, an adder and a giant cockroach.

Vanquished Creatures
  Natasha (thrice) (D:2)
  A worm (D:2)
  A dart slug (D:1)
  2 endoplasms
  A giant cockroach (D:1)
  4 goblins
  2 hobgoblins
  3 jackals (D:2)
  A kobold (D:1)
  A quokka (D:2)
  10 ball pythons
  A bat (D:2)
  3 rats
33 creatures vanquished.

Vanquished Creatures (others)
  50 foxfires
50 creatures vanquished.

Grand Total: 83 creatures vanquished

Notes
Turn   | Place    | Note
-------+----------+-------------------------------------------
     0 | D:1      | themarg the Djinni Fire Elementalist began the quest for
                  | the Orb.
     0 | D:1      | themarg set off with the following spells memorised:
                  | Foxfire, Scorch, Kindle Blastsparks, Inner Flame, Flame
                  | Wave.
     0 | D:1      | Reached XP level 1. HP: 15/15 MP: 0/0
   264 | D:1      | Reached XP level 2. HP: 17/21 MP: 0/0
   970 | D:2      | Identified the +3 leather armour of Weirdness {rPois SInv
                  | Stlth+}
   981 | D:2      | Noticed Natasha
   985 | D:2      | Killed Natasha
   986 | D:2      | Reached XP level 3. HP: 19/25 MP: 0/0
   986 | D:2      | Learned a level 1 spell: Sting
  1014 | D:2      | Noticed Natasha
  1020 | D:2      | Killed Natasha
  1021 | D:2      | Reached XP level 4. HP: 17/31 MP: 0/0
  1676 | D:2      | Found a faded altar of an unknown god.
  1684 | D:2      | Noticed Sigmund
  1688 | D:2      | Noticed Natasha
  1695 | D:2      | Killed Natasha
  1696 | D:2      | Reached XP level 5. HP: 2/35 MP: 0/0
  1696 | D:2      | Learned a level 2 spell: Poisonous Vapours
  1696 | D:2      | Slain by an adder

Illustrated notes

Levels and vault maps discovered:
D:1:      dpeg_arrival_rooms_a, layout_basic
D:2:      layout_basic, nicolae_ecumenical_snake_handling, uniq_natasha,
          uniq_terence, uniq_sigmund

Skill      XL: |  1  2  3  4 |
---------------+-------------+-----
Stealth        | 2 |  2.7
Dodging        | 3 |  3.6
Spellcasting   | 3 |  3.1

Action                   |  1- 3 |  4- 6 || total
-------------------------+-------+-------++-------
Melee: Staff             |     1 |       ||     1
 Cast: Foxfire           |    12 |    20 ||    32
       Scorch            |     9 |    11 ||    20
  Use: Scroll            |       |     1 ||     1
Armor: Robe              |       |     3 ||     3
Dodge: Dodged            |     2 |     9 ||    11

Table legend: (Time is in decaauts)
 A = Elapsed time spent in this place.
 B = Non-inter-level travel time spent in this place.
 C = Inter-level travel time spent in this place.
 D = Time resting spent in this place.
 E = Time spent auto-exploring this place.
 F = Levels seen in this place.
 G = Mean time per level.
                   A        B        C        D        E       F      G
               +--------+--------+--------+--------+--------+-----+--------+
         Total |   1693 |   1687 |      6 |    450 |    994 |   2 |  846.5 |
       Dungeon |   1693 |   1687 |      6 |    450 |    994 |   2 |  846.5 |
               +--------+--------+--------+--------+--------+-----+--------+

Top non-repeatable levels by time:
     D:1: 961 daAuts
     D:2: 731 daAuts
